 Dungeon Crawl Stone Soup version 0.29.1-15-g9cfb28693d (webtiles) character file.

Game seed: 6399580337356428199

95 hawla the Chopper (level 4, 0/40 HPs)
             Began as a Hill Orc Monk on Apr 20, 2023.
             Slain by a gnoll
             ... wielding a +0 flail
              (9 damage)
             ... on level 3 of the Dungeon.
             The game lasted 00:03:34 (2991 turns).

hawla the Chopper (Hill Orc Monk)                   Turns: 2991, Time: 00:03:35

Health: 0/40       AC:  2    Str: 13    XL:     4   Next: 65%
Magic:  5/5        EV: 12    Int: 12    God:
Gold:   147        SH:  0    Dex: 13    Spells: 3/5 levels left

rFire   . . .      SeeInvis .   a - +0 hand axe
rCold   . . .      Faith    .   (no shield)
rNeg    . . .      Spirit   .   b - +0 robe
rPois   .          Reflect  .   (no helmet)
rElec   .          Harm     .   (no cloak)
rCorr   .          Rampage  .   (no gloves)
Will    .....                   (no boots)
Stlth   +.........              (no amulet)
HPRegen 0.13/turn               (no ring)
MPRegen 0.09/turn               (no ring)

@: confused, ambrosia-drunk
A: no striking features
a: no special abilities


You were on level 3 of the Dungeon.
You visited 1 branch of the dungeon, and saw 3 of its levels.

You collected 147 gold pieces.

Inventory:

Hand Weapons
 a - a +0 hand axe (weapon)
Missiles
 g - 11 poisoned darts (quivered)
Armour
 b - a +0 robe (worn)
Jewellery
 d - an amulet of guardian spirit
Wands
 i - a wand of flame (21)
Scrolls
 e - a scroll of enchant weapon {unknown}
 k - a scroll of amnesia {unknown}
 m - a scroll of identify
Potions
 c - 2 potions of ambrosia
 f - 3 potions of lignification
 h - a potion of brilliance {unknown}
 j - a potion of might
 l - a potion of curing {unknown}
 n - a potion of flight {unknown}


   Skills:
 - Level 4.0 Fighting
 - Level 5.0 Axes
 - Level 2.6 Dodging
 - Level 1.5 Stealth
 + Level 1.2 Spellcasting
 + Level 1.4 Translocations


You had 3 spell levels left.
You knew the following spells:

 Your Spells              Type           Power      Damage    Failure   Level
a - Blink                 Tloc           8%         N/A       24%         2

Your spell library contained the following spells:

 Spells                   Type           Power      Damage    Failure   Level
 Manifold Assault         Tloc           4%         N/A       99%         5
 Storm Form               Tmut/Air       0%         N/A       100%        7


Dungeon Overview and Level Annotations

Branches:
Dungeon (3/15)

Altars:
Ashenzari


Message History

No target in view!
The hobgoblin shouts!
The hobgoblin completely misses you.
You barely miss the hobgoblin. The hobgoblin hits you.
You hit the hobgoblin but do no damage. The hobgoblin barely misses you.
You hit the hobgoblin.
The hobgoblin is almost dead.
The hobgoblin barely misses you.
You hit the hobgoblin.
You kill the hobgoblin!
No target in view!
n - a lumpy puce potion You see here a hobgoblin corpse.
A gnoll comes into view. It is wielding a +0 flail.
The gnoll shouts!
A gnoll comes into view. It is wielding a +0 spear.
A gnoll comes into view. It is wielding a +0 whip.
The gnoll shouts! x2
The gnoll closely misses you.
You barely miss the gnoll. The gnoll barely misses you. x2
You hit the gnoll.
The gnoll is lightly wounded.
The gnoll hits you with a +0 flail.
The gnoll hits you from afar with a +0 spear!
You hit the gnoll.
The gnoll is heavily wounded.
The gnoll closely misses you.
The gnoll hits you from afar with a +0 spear.
You hit the gnoll.
The gnoll is almost dead.
The gnoll hits you with a +0 flail.
The gnoll hits you from afar with a +0 spear.
You are too injured to fight recklessly!
The gnoll attacks as you move away! The gnoll hits you with a +0 flail.
* * * LOW HITPOINT WARNING * * *
The gnoll attacks as you move away! The gnoll hits you with a +0 flail.
* * * LOW HITPOINT WARNING * * *
You are confused.
You feel invigorated. The gnoll hits you with a +0 flail!
You die...

###............##..
###.###.....##.####
...................
##.#>............(.
#.#...........####
#.......###.#.# # #
#.#.###.# #.#.# #
#.##.#.###.###.#.####
#...@...............#
####g#.#####...†....#
#g#.# #...#....#
#g#.#####...#..).#
#.#.........#....#
#.#######...#.####
#.# #.###...## #.#
#.# ###..#
#.#######.######.#


You could see 3 gnolls.

Vanquished Creatures
  3 adders
  2 dart slugs
  7 ball pythons
  7 endoplasms
  4 giant cockroaches
  4 goblins
  3 hobgoblins
  4 jackals (D:1)
  4 quokkas
  8 bats
  5 frilled lizards
  5 kobolds
  5 rats
61 creatures vanquished.

Notes
Turn   | Place    | Note
-------+----------+-------------------------------------------
     0 | D:1      | hawla the Hill Orc Monk began the quest for the Orb.
     0 | D:1      | Reached XP level 1. HP: 19/19 MP: 1/1
    50 | D:1      | Reached XP level 2. HP: 23/27 MP: 2/2
   166 | D:1      | Reached XP level 3. HP: 21/33 MP: 3/3
   661 | D:1      | Reached skill level 5 in Axes
   941 | D:2      | Learned a level 2 spell: Blink
  1376 | D:2      | Found a faded altar of an unknown god.
  1470 | D:2      | Reached XP level 4. HP: 16/40 MP: 5/5
  1836 | D:2      | Reached skill level 1 in Translocations
  2445 | D:3      | Reached skill level 1 in Spellcasting
  2510 | D:3      | Found a broken altar of Ashenzari.
  2991 | D:3      | Slain by a gnoll

Illustrated notes

Levels and vault maps discovered:
D:1:      lightli_arrival_quake, layout_basic, amethyst_killhole
D:2:      layout_basic, chequers_ecumenical_altar_simple,
          nicolae_concentric_dashed_squares_mild
D:3:      layout_basic, mainiacjoe_overflow_cross_hatched,
          mainiacjoe_overflow_alcove_2, glass_columns_a, serial_bayou_lake_a

Skill      XL: |  1  2  3  4 |
---------------+-------------+-----
Fighting       | 4 |  4.0
Axes           | 5 |  5.0
Translocations | 1 |  1.4
Spellcasting   | 1 |  1.2
Dodging        | |  2.6
Stealth        | |  1.5

Action                   |  1- 3 |  4- 6 || total
-------------------------+-------+-------++-------
Melee: Hand axe          |   113 |    51 ||   164
  Use: Scroll            |       |     4 ||     4
       Potion            |       |     1 ||     1
 Stab: Sleeping          |     2 |       ||     2
Armor: Robe              |    22 |     6 ||    28
Dodge: Dodged            |    84 |    38 ||   122
